 Dungeon Crawl Stone Soup version 0.32-a0-999-gfa1cc04b1d (webtiles) character file.

Game seed: 16032195689390601588

72 DrKenneth the Covered (level 4, 0/41 HPs)
             Began as a Minotaur Fighter on Apr 25, 2024.
             Slain by a gnoll
             ... wielding a +0 halberd
              (6 damage)
             ... on level 2 of the Dungeon.
             The game lasted 00:01:35 (900 turns).

DrKenneth the Covered (Minotaur Fighter)             Turns: 900, Time: 00:01:37

Health: 0/41       AC:  7    Str: 22    XL:     4   Next: 6%
Magic:  3/3        EV:  8    Int:  5    God:
Gold:   56         SH:  4    Dex: 10    Spells: 3/3 levels left

rFire   . . .        a - +0 war axe
rCold   . . .        c - +0 buckler
rNeg    . . .        b - +0 scale mail
rPois   .            (helmet restricted)
rElec   .            (no cloak)
rCorr   .            (no gloves)
SInv    .            (no boots)
Will    .....        (no amulet) Stlth
                     (no ring)
HPRegen 0.26/turn    (no ring)
MPRegen 0.08/turn

%: no passive effects
@: no status effects
A: horns 2, retaliatory headbutt
a: no special abilities


You were on level 2 of the Dungeon.
You visited 1 branch of the dungeon, and saw 2 of its levels.

You collected 56 gold pieces.

Inventory:

Hand Weapons
 a - a +0 war axe (weapon)
Missiles
 k - a throwing net (quivered)
Armour
 b - a +0 scale mail (worn)
 c - a +0 buckler (worn)
Jewellery
 m - a ring of willpower
Scrolls
 e - a scroll of revelation {unknown}
 g - 2 scrolls of identify {unknown}
 i - a scroll of noise {unknown}
 j - 2 scrolls of enchant armour {unknown}
Potions
 d - a potion of might
 f - a potion of curing {unknown}
 h - a potion of brilliance {unknown}
 l - a potion of magic {unknown}


   Skills:
 + Level 4.3 Fighting
 + Level 3.3 Axes
 + Level 4.3 Armour
 + Level 4.2 Shields


You had 3 spell levels left.
You didn't know any spells.
Your spell library was empty.

Dungeon Overview and Level Annotations

Branches:
Dungeon (2/15)

Altars:


Innate Abilities, Weirdness & Mutations

You have a pair of horns on your head.
You reflexively headbutt those who attack you in melee.


Message History

You hit the gnoll but do no damage. Your headbutt misses the gnoll.
The gnoll is severely wounded.
You hear a shout!
You block the gnoll's attack.
A gnoll comes into view. It is wielding a +0 halberd.
You block the gnoll's attack.
You slash the gnoll!
You kill the gnoll!
The gnoll hits you but does no damage. The gnoll hits you with a +0 spear.
Things that are here:
a +0 whip; a gnoll corpse You barely miss the gnoll.
Your headbutt misses the gnoll. The gnoll barely misses you. x2
You slash the gnoll! You headbutt the gnoll.
You kill the gnoll!
You have reached level 4!
You feel agile.
You hit the gnoll.
The gnoll is moderately wounded.
You block the gnoll's attack.
You closely miss the gnoll.
The gnoll is moderately wounded.
The gnoll hits you with a +0 club. The gnoll barely misses you.
You block the gnoll's attack. The gnoll barely misses you.
You hit the gnoll.
The gnoll is severely wounded.
The gnoll hits you from afar with a +0 halberd!
The gnoll hits you with a +0 club.
You barely miss the gnoll.
The gnoll is severely wounded.
The gnoll barely misses you. The gnoll hits you with a +0 club.
You hit the gnoll.
The gnoll is almost dead.
The gnoll barely misses you. You furiously retaliate!
You headbutt the gnoll.
You kill the gnoll!
The gnoll hits you from afar with a +0 halberd!
* * * LOW HITPOINT WARNING * * *
The gnoll hits you from afar with a +0 halberd.
You die...

#......######.#
#..###........#
#.## #..#######
#.# #..# #..#
#..## #.#.##
#.###.#######
#.# ##..@)g.#
## #.#####.#
#.# ..# #.# #.
#


You could see a gnoll.

Vanquished Creatures
  2 adders (D:2)
  3 gnolls (D:2)
  A dart slug (D:2)
  2 ball pythons (D:2)
  3 endoplasms
  3 giant cockroaches
  4 goblins
  A hobgoblin (D:2)
  3 quokkas
  3 bats
  4 frilled lizards
  2 kobolds
  2 rats
33 creatures vanquished.

Notes
Turn   | Place    | Note
-------+----------+-------------------------------------------
     0 | D:1      | DrKenneth the Minotaur Fighter began the quest for the Orb.
     0 | D:1      | Reached XP level 1. HP: 19/19 MP: 0/0
   365 | D:1      | Reached XP level 2. HP: 27/27 MP: 1/1
   693 | D:2      | Reached XP level 3. HP: 23/33 MP: 2/2
   896 | D:2      | Reached XP level 4. HP: 35/41 MP: 3/3
   900 | D:2      | Slain by a gnoll

Illustrated notes

Levels and vault maps discovered:
D:1:      saegor_arrival_simple_b, layout_loops_cross, corexii_leaking_fountain
D:2:      minmay_diamond_boxcup, layout_loops_ring, serial_shops, shop,
          nicolae_shop_trees, nicolae_shop_statue_plus

Skill      XL: |  1  2 |
---------------+-------+-----
Armour         | 4 |  4.3
Fighting       | 4 |  4.3
Shields        | 4 |  4.2
Axes           | 3 |  3.3

Action                     |  1- 3 |  4- 6 || total
---------------------------+-------+-------++-------
  Melee: War axe           |    52 |     5 ||    57
         Headbutt          |     9 |       ||     9
 Armour: Scale mail        |    46 |     6 ||    52
  Dodge: Dodged            |    22 |     4 ||    26
  Block: Buckler           |    12 |     2 ||    14

Table legend: (Time is in decaauts)
 A = Elapsed time spent in this place.
 B = Non-inter-level travel time spent in this place.
 C = Inter-level travel time spent in this place.
 D = Time resting spent in this place.
 E = Time spent auto-exploring this place.
 F = Levels seen in this place.
 G = Mean time per level.
                   A        B        C        D        E       F      G
               +--------+--------+--------+--------+--------+-----+--------+
         Total |    921 |    857 |     64 |     33 |    661 |   2 |  460.5 |
       Dungeon |    921 |    857 |     64 |     33 |    661 |   2 |  460.5 |
               +--------+--------+--------+--------+--------+-----+--------+

Top non-repeatable levels by time:
     D:1: 611 daAuts
     D:2: 309 daAuts
